 Dungeon Crawl Stone Soup version 0.31.0-12-g77e489cdc1 (webtiles) character file.

Game seed: 3470873037785894034

3332 acidix the Cleaver (level 9, -5/79 HPs)
             Began as a Minotaur Fighter on Feb 15, 2024.
             Was a Follower of Okawaru.
             Killed from afar by an electric eel (12 damage)
             ... with a bolt of electricity
             ... on level 7 of the Dungeon.
             The game lasted 00:22:58 (6629 turns).

acidix the Cleaver (Minotaur Fighter)               Turns: 6629, Time: 00:22:58

Health: -5/79      AC: 16    Str: 25    XL:     9   Next: 71%
Magic:  8/8        EV:  7    Int: 11    God:    Okawaru [*.....]
Gold:   414        SH:  5    Dex: 10    Spells: 6/8 levels left

rFire   . . .        a - +0 war axe
rCold   . . .        c - +0 buckler
rNeg    . . .        G - +0 plate armour
rPois   .            (helmet restricted)
rElec   .            y - +0 cloak
rCorr   .            j - +0 pair of gloves
SInv    .            (no boots)
Will    .....        (no amulet) Stlth
                     o - +6 ring of intelligence
HPRegen 0.33/turn    (no ring)
MPRegen 0.11/turn

%: no passive effects
@: slowed, very slow
A: horns 2, retaliatory headbutt
a: Renounce Religion, Heroism


You were on level 7 of the Dungeon.
You worshipped Okawaru.
Okawaru was aware of your devotion.
You visited 1 branch of the dungeon, and saw 7 of its levels.

You collected 414 gold pieces.

Inventory:

Hand Weapons
 a - a +0 war axe (weapon)
 v - a +1 mace of protection
 H - the +2 long sword of Dust {freeze, rN+}
   (You found it on level 7 of the Dungeon)

   rN+:       It protects you from negative energy.
Missiles
 p - 30 stones
 w - 11 poisoned darts (quivered)
 J - 5 curare-tipped darts
Armour
 c - a +0 buckler (worn)
 j - a +0 pair of gloves (worn)
 y - a +0 cloak (worn)
 G - a +0 plate armour (worn)
Jewellery
 l - an amulet of magic regeneration
 o - a +6 ring of intelligence (left hand)
 F - a ring of ice
Wands
 r - a wand of light (7)
 C - a wand of polymorph (5)
 D - a wand of paralysis (10)
Scrolls
 e - 4 scrolls of teleportation
 g - a scroll of enchant weapon {unknown}
 h - a scroll of revelation
 i - 2 scrolls of immolation {unknown}
 m - a scroll of vulnerability {unknown}
 t - a scroll of silence
 u - 2 scrolls of noise {unknown}
 x - a scroll of brand weapon {unknown}
 E - a scroll of amnesia {unknown}
Potions
 b - 2 potions of magic
 d - 3 potions of might
 f - a potion of brilliance {unknown}
 k - 4 potions of curing
 n - a potion of lignification {unknown}
 q - 3 potions of enlightenment
 s - a potion of attraction {unknown}
 z - a potion of haste {unknown}
 A - a potion of degeneration {unknown}
 B - a potion of berserk rage {unknown}


   Skills:
 + Level 7.1 Fighting
 * Level 12.2 Axes
 + Level 0.3 Throwing
 + Level 8.9 Armour
 + Level 1.9 Dodging
 - Level 0.2 Stealth
 + Level 5.4 Shields


You had 6 spell levels left.
You knew the following spells:

 Your Spells              Type           Power      Damage    Failure   Level
a - Blink                 Tloc           0%         N/A       100%        2

Your spell library contained the following spells:

 Spells                   Type           Power      Damage    Failure   Level
 Magic Dart               Conj           0%         1d3       99%         1
 Lesser Beckoning         Tloc           0%         N/A       100%        2
 Gell's Gravitas          Tloc           0%         N/A       100%        3
 Teleport Other           Tloc           0%         N/A       100%        3
 Call Imp                 Summ           Unusable   N/A       N/A         2

Dungeon Overview and Level Annotations

Branches:
Dungeon (7/15)             Temple (0/1) D:7

Altars:
Gozag
Okawaru

Shops:
D:7 [


Innate Abilities, Weirdness & Mutations

You have a pair of horns on your head.
You reflexively headbutt those who attack you in melee.


Message History

You feel very sick.
The kobold brigand throws a curare-tipped dart.
The curare-tipped dart hits you.
You are more poisoned.
You have difficulty breathing.
You feel as though you will be slow longer.
You feel extremely sick.
You block the kobold brigand's attack. x2
You miss the kobold brigand. You headbutt the kobold brigand!
The kobold brigand is moderately wounded.
You feel very sick.
The kobold brigand hits you but does no damage.
You slash the kobold brigand!
The kobold brigand is severely wounded.
You feel very sick.
The kobold brigand hits you with a +0 club.
You slash the kobold brigand!
You kill the kobold brigand!
Okawaru accepts your kill.
You feel sick.
The electric eel shoots out a bolt of lightning at you!
The bolt of electricity hits you!
You feel sick.
Things that are here:
a +0 club; a curare-tipped dart; a kobold corpse You feel sick.
The electric eel shoots out a bolt of lightning at you!
The bolt of electricity hits you!
* * * LOW HITPOINT WARNING * * *
The electric eel shoots out a bolt of lightning at you!
The bolt of electricity hits you!
* * * LOW HITPOINT WARNING * * *
You feel sick.
Things that are here:
a +0 club; a curare-tipped dart; a kobold corpse You feel sick.
You are no longer poisoned.
The electric eel shoots out a bolt of lightning at you!
The bolt of electricity hits you!
You die...

.## ~~.....## P~#
..~~~~......# ~P#
~~~~P.......## ~P####
~~~~~~.......# ~P...#
.~♣~.........# ~PP...
P~~~P........# ≈~PPP#
~~P~.........## ≈♣PPP~
~♣~S.......†..# ≈≈~PPP
♣~~.....)@....# ### ~≈≈♣P♣
~.............##########..
)~≈≈♣~
~P.#.........)..))........
~~♣♣♣
~~.............%##########
#......######### ##
#.###### #. #.# ##. #.#
#.. #.# #..


You could see an electric eel.

Vanquished Creatures
  Jeremiah (D:7)
  A troll (D:7)
  A hornet (D:7)
  Grinder (D:7)
  A wyvern (D:7)
  The ghost of YoStephie the Insei, an amateur GnSh (D:6)
  A steam dragon (D:6)
  A water moccasin (D:6)
  A sky beast (D:6)
  A black bear (D:4)
  An orc warrior (D:6)
  3 centaurs
  A kobold brigand (D:7)
  2 bullfrogs (D:6)
  A gnoll sergeant (D:5)
  3 wights (D:7)
  3 howler monkeys
  3 jellies
  7 hounds
  2 orc priests
  A gnoll bouda (D:7)
  Ijyb (D:5)
  5 iguanas
  A sleepcap (D:6)
  Natasha (thrice) (D:2)
  An orc wizard (D:7)
  7 gnolls
  8 adders
  A river rat (D:6)
  A white imp (D:4)
  5 ribbon worms
  4 dart slugs
  11 orcs
  8 ball pythons
  7 bats
  6 endoplasms
  6 giant cockroaches
  4 goblins
  3 hobgoblins
  3 jackals (D:1)
  11 kobolds
  6 quokkas
  3 frilled lizards
  5 rats
147 creatures vanquished.

Notes
Turn   | Place    | Note
-------+----------+-------------------------------------------
     0 | D:1      | acidix the Minotaur Fighter began the quest for the Orb.
     0 | D:1      | Reached XP level 1. HP: 19/19 MP: 0/0
   252 | D:1      | Reached XP level 2. HP: 27/27 MP: 1/1
   335 | D:1      | Reached XP level 3. HP: 26/33 MP: 2/2
   763 | D:2      | Reached skill level 3 in Axes
  1269 | D:2      | Reached XP level 4. HP: 40/40 MP: 3/3
  1397 | D:2      | Noticed Natasha
  1411 | D:2      | Killed Natasha
  1412 | D:2      | Reached skill level 1 in Dodging
  1687 | D:2      | Noticed Natasha
  1693 | D:2      | Killed Natasha
  1694 | D:2      | Reached skill level 4 in Axes
  2185 | D:2      | Noticed Natasha
  2190 | D:2      | Killed Natasha
  2191 | D:2      | Reached XP level 5. HP: 39/46 MP: 4/4
  2342 | D:3      | Reached skill level 5 in Axes
  2503 | D:3      | Identified the +6 dagger "Wevyis" {freeze, rC+ rCorr Int-4
                  | Stlth+}
  2609 | D:3      | Found a faded altar of an unknown god.
  3141 | D:4      | Reached skill level 5 in Armour
  3141 | D:4      | Reached XP level 6. HP: 52/53 MP: 5/5
  3208 | D:4      | Noticed Grinder
  3489 | D:5      | Entered Level 5 of the Dungeon
  3567 | D:5      | Reached skill level 6 in Axes
  3686 | D:4      | Reached XP level 7. HP: 56/60 MP: 6/6
  3785 | D:4      | Reached skill level 5 in Fighting
  3838 | D:4      | Reached skill level 7 in Axes
  4094 | D:5      | Noticed Ijyb
  4102 | D:5      | Killed Ijyb
  4268 | D:5      | Reached skill level 5 in Shields
  4341 | D:6      | Reached XP level 8. HP: 68/70 MP: 7/7
  4544 | D:6      | Learned a level 2 spell: Blink
  4630 | D:6      | Reached skill level 8 in Axes
  4969 | D:6      | Found a runed translucent door.
  4971 | D:6      | Noticed YoStephie's ghost (amateur GnSh)
  4978 | D:6      | Reached skill level 9 in Axes
  4985 | D:6      | Killed YoStephie's ghost
  5000 | D:6      | Found a runed translucent door.
  5442 | D:6      | Reached skill level 10 in Axes
  5653 | D:7      | Found a staircase to the Ecumenical Temple.
  5667 | D:7      | Identified the +2 long sword of Dust {freeze, rN+}
  5700 | D:7      | Found an opulent altar of Gozag.
  5700 | D:7      | Found an iron altar of Okawaru.
  5711 | D:7      | Reached XP level 9. HP: 64/78 MP: 8/8
  5744 | D:7      | Became a worshipper of Warmaster Okawaru
  6172 | D:7      | Found Etolocuzxu's Armour Shop.
  6196 | D:7      | Noticed a troll
  6208 | D:7      | Killed a troll
  6210 | D:7      | Noticed Jeremiah
  6227 | D:7      | Killed Jeremiah
  6228 | D:7      | Reached skill level 11 in Axes
  6230 | D:7      | Reached * piety under Okawaru
  6579 | D:7      | Paralysed by Grinder for 4 turns
  6604 | D:7      | Paralysed by Grinder for 5 turns
  6614 | D:7      | Killed Grinder
  6620 | D:7      | Reached skill level 12 in Axes
  6629 | D:7      | Killed from afar by an electric eel

Illustrated notes

Levels and vault maps discovered:
D:1:      saegor_arrival_simple_e, layout_basic
D:2:      layout_basic, kennysheep_nondescript, uniq_natasha
D:3:      layout_loops_ring, shapermc_ecumenical_altar_flowoftime
D:4:      layout_rooms, abandoned_shop, uniq_grinder
D:5:      layout_cave_pools, uniq_ijyb
D:6:      layout_loops_corners, ebering_ghost_sewer_f
D:7:      layout_cave_pods, mainiacjoe_overflow_large_starburst,
          minmay_temple_entry_statues_pillars, nicolae_ossuary_entry_catacombs,
          serial_shops, nicolae_shop_real_fake_doors, minmay_statues_item,
          serial_bayou_lagoon_a, uniq_jeremiah

Skill      XL: |  1  2  3  4  5  6  7  8  9 |
---------------+----------------------------+-----
Armour         | 4 5 6 7 8 |  8.9
Fighting       | 4 6 7 |  7.1
Shields        | 4 5 |  5.4
Axes           | 3 4 5 6 7 10 12 | 12.2
Dodging        | 1 |  1.9
Throwing       | |  0.3
Stealth        | |  0.2

Action                     |  1- 3 |  4- 6 |  7- 9 || total
---------------------------+-------+-------+-------++-------
  Melee: War axe           |    86 |   152 |   190 ||   428
         Headbutt          |     7 |    26 |    31 ||    64
  Throw: Dart              |       |       |     3 ||     3
    Use: Scroll            |       |       |     6 ||     6
         Potion            |       |       |     1 ||     1
 Armour: Chain mail        |    51 |       |       ||    51
         Scale mail        |     2 |       |       ||     2
         Plate armour      |    18 |   164 |   224 ||   406
  Dodge: Dodged            |    34 |    52 |    66 ||   152
  Block: Buckler           |    19 |    40 |    51 ||   110
